 Dungeon Crawl Stone Soup version 0.19.5 (webtiles) character file.

3738 miragecloak the Martial Artist (level 10, -5/92 HPs)
             Began as a Naga Transmuter on Apr 24, 2017.
             Was a Priest of Cheibriados.
             Slain by a wight
             ... wielding a cursed +2 great sword
              (17 damage)
             ... on level 9 of the Dungeon.
             The game lasted 00:12:58 (8779 turns).

miragecloak the Martial Artist (Naga Transmuter)    Turns: 8779, Time: 00:12:59

Health: -5/92      AC:  2    Str: 21    XL:     10   Next: 15%
Magic:  11/14      EV: 17    Int: 20    God:    Cheibriados [***...]
Gold:   424        SH:  0    Dex: 30    Spells: 3 memorised, 4 levels left

rFire  + . .     SeeInvis +       - Unarmed
rCold  . . .     Gourm    .     (armour currently unavailable)
rNeg   . . .     Faith    .     (shield currently unavailable)
rPois  x         Spirit   .     (helmet currently unavailable)
rElec  .         Reflect  .     (cloak currently unavailable)
rCorr  .         Harm     .     (gloves currently unavailable)
MR     +....                    (no barding)
Stlth  ++........               (no amulet)
                                C - ring of protection from fire
                                z - -2 ring of evasion (curse)

@: spider-form, heavily drained, very slow
A: (stinger 0), see invisible, agile 2, (deformed body), high mp 1, (poison
resistance), (slowness 0), slow metabolism 1, spit poison 1, AC +3
a: Spit Poison, End Transformation, Bend Time, Temporal Distortion, Renounce
Religion


You were on level 9 of the Dungeon.
You worshipped Cheibriados.
Cheibriados was most pleased with you.
You were hungry.
You were a venomous arachnid creature.
You visited 2 branches of the dungeon, and saw 10 of its levels.

You collected 424 gold pieces.

Inventory:

Missiles
 a - 137 arrows
Armour
 B - the +0 robe of Activism (melded) {*Corrode rElec Int+3}
   (You found it on level 4 of the Dungeon)

   It affects your intelligence (+3).
   It insulates you from electricity.
   It may corrode you when you take damage.
 K - a +0 pair of gloves (melded)
Jewellery
 z - a cursed -2 ring of evasion (left front leg)
 C - a ring of protection from fire (right front leg)
 D - an uncursed ring of fire {unknown}
Wands
 s - a wand of flame (14/48)
 w - a wand of digging (7/24)
 M - a wand of polymorph (13/24)
Scrolls
 b - a scroll of fear {unknown}
 e - 2 scrolls of fog {unknown}
 g - 2 scrolls of enchant weapon {unknown}
 j - 6 scrolls of identify {unknown}
 l - a scroll of recharging {unknown}
 n - 2 scrolls of enchant armour {unknown}
 r - 2 scrolls of remove curse {unknown}
 y - 2 scrolls of amnesia {unknown}
 G - 2 scrolls of teleportation {unknown}
 I - a scroll of noise {unknown}
 J - a scroll of magic mapping {unknown}
Potions
 f - 2 potions of invisibility {unknown}
 h - 2 potions of curing
 i - a potion of cure mutation {unknown}
 k - a potion of cancellation {unknown}
 m - 2 potions of brilliance {unknown}
 o - a potion of magic {unknown}
 q - a potion of might {unknown}
 t - a potion of flight {unknown}
 v - 3 potions of mutation {unknown}
 x - a potion of degeneration {unknown}
 A - 3 potions of heal wounds {unknown}
 E - a potion of haste {unknown}
 F - a potion of agility {unknown}
Books
 c - a book of Changes

   Spells                             Type                      Level
   a - Beastly Appendage              Transmutation                1
   b - Sticks to Snakes               Transmutation                2
   c - Spider Form                    Transmutation/Poison         3
   d - Ice Form                       Ice/Transmutation            4
   e - Blade Hands                    Transmutation                5
 u - a book of Cantrips

   Spells                             Type                      Level
   a - Confusing Touch                Hexes                        1
   b - Animate Skeleton               Necromancy                   1
   c - Summon Small Mammal            Summoning                    1
   d - Apportation                    Translocation                1
 H - a book of Debilitation

   Spells                             Type                      Level
   a - Corona                         Hexes                        1
   b - Slow                           Hexes                        2
   c - Gell's Gravitas                Hexes/Translocation          3
   d - Inner Flame                    Hexes/Fire                   3
   e - Cause Fear                     Hexes                        4
   f - Leda's Liquefaction            Hexes/Earth                  4
Comestibles
 d - 3 bread rations
 p - 5 meat rations
 L - 3 fruits


   Skills:
 - Level 6.7(4.3) Fighting
 + Level 3.2(1.1) Dodging
 - Level 11.0(8.4) Unarmed Combat
 - Level 2.0(0.0) Spellcasting
 + Level 5.4(3.1) Transmutations
 - Level 3.4(1.3) Poison Magic


You had 4 spell levels left.
You knew the following spells:

 Your Spells              Type           Power        Failure   Level  Hunger
a - Beastly Appendage     Tmut           ##....       17%         1    ##.....
b - Spider Form           Tmut/Pois      #.........   45%         3    ####...
c - Blade Hands           Tmut           ##........   99%         5    ######.


Dungeon Overview and Level Annotations

Branches:
Dungeon (9/15)             Temple (1/1) D:5
   Lair: D:8-11         Orc: D:9-12

Altars:
Cheibriados
Dithmenos
Elyvilon
Fedhas
Gozag
Kikubaaqudgha
Makhleb
Ru
Sif Muna
Trog
Xom
Zin

Shops:
D:6 %

Annotations:
D:4 Dowan


Innate Abilities, Weirdness & Mutations

You cannot wear boots.
((Your serpentine skin is tough. (AC +3)))
You have supernaturally acute eyesight. (SInv)
((Armour fits poorly on your strangely shaped body.))
((Your system is resistant to poisons. (rPois)))
((You cover ground very slowly.))
You have a slow metabolism.
You can spit poison.
((Your tail ends in a poisonous barb.))
You are very agile. (Dex +4)
You have an increased reservoir of magic. (+10% MP)


Message History

The +0 robe of Activism {*Corrode rElec Int+3} unmelds from your body.
The wight hits you from afar with an enchanted spear.
* * * LOW HITPOINT WARNING * * *
You feel drained. The wight barely misses you.
The wight hits you with an enchanted war axe.
* * * LOW HITPOINT WARNING * * *
Casting: Spider Form
Confirm with . or Enter, or press ? or * to list all spells.
You turn into a venomous arachnid creature.
Your +0 pair of gloves melds into your body.
The +0 robe of Activism {*Corrode rElec Int+3} melds into your body.
The wight hits you but does no damage.
The wight hits you with an enchanted war axe!
* * * LOW HITPOINT WARNING * * *
You feel drained.
* * * LOW HITPOINT WARNING * * *
The wight completely misses you.
You feel better. The wight closely misses you. The wight completely misses you.
The wight hits you with an enchanted great sword!
You die...

#.# #..#.... #.#
#..#... #.# #..#..♣
#.# #..#..♣ .. #.#
#..#.P♣♣♣P.
#<#####..#.PP....
#................
#..######....P.P.
#.s# #..P♣♣♣...
#.z# #..P♣ ..P♣
#zz# #..P♣♣♣...♣
#..# #.....P..P.
#..######..........
#.................P
#.........)P♣♣♣P..♣
#......###..♣ ♣P..♣
#......# #..♣♣♣P.P♣


You could see 3 wights.

Vanquished Creatures
  Joseph (D:7)
  A centaur skeleton (D:9)
  The ghost of miragecloak the Ruffian, an amateur NaTm (D:4)
  Prince Ribbit (D:7)
  2 hippogriffs (D:7)
  Sigmund (D:5)
  Menkaure (D:7)
  A sky beast (D:8)
  Duvessa (D:4)
  An ogre (D:8)
  A phantom (D:7)
  A big kobold (D:7)
  3 bullfrogs
  A wyvern skeleton (D:8)
  8 scorpions
  A killer bee (D:8)
  6 wights
  2 jellies
  A crimson imp (D:9)
  A bullfrog zombie (D:8)
  2 hounds
  An orc priest (D:8)
  2 iguanas
  Ijyb (D:3)
  4 orc wizards (D:8)
  2 worker ants
  2 killer bee zombies
  14 adders
  4 shadow imps
  An ooze (D:3)
  An adder skeleton (D:6)
  3 worms
  A dart slug (D:2)
  4 leopard geckos
  12 orcs
  13 bats
  6 giant cockroaches
  7 goblins
  4 hobgoblins
  5 jackals
  5 quokkas
  3 ball pythons
  6 frilled lizards
  14 kobolds
  7 rats
160 creatures vanquished.

Vanquished Creatures (others)
  5 fungi (D:7)
  3 plants (D:7)
8 creatures vanquished.

Grand Total: 168 creatures vanquished

Notes
Turn   | Place    | Note
-------+----------+-------------------------------------------
     0 | D:1      | miragecloak the Naga Transmuter began the quest for the Orb.
     0 | D:1      | Reached XP level 1. HP: 18/18 MP: 3/3
   386 | D:1      | Reached XP level 2. HP: 6/25 MP: 5/5
  1266 | D:2      | Reached XP level 3. HP: 11/31 MP: 4/6
  1849 | D:2      | Learned a level 3 spell: Spider Form
  1902 | D:2      | Reached XP level 4. HP: 38/38 MP: 3/7
  1952 | D:2      | Reached skill level 1 in Poison Magic
  2762 | D:2      | Reached XP level 5. HP: 37/44 MP: 4/8
  2984 | D:3      | Noticed Ijyb
  2997 | D:3      | Killed Ijyb
  3202 | D:3      | Reached skill level 4 in Unarmed Combat
  3395 | D:4      | Noticed Duvessa
  3395 | D:4      | Noticed Dowan
  3522 | D:4      | Got a faintly glowing robe
  3538 | D:4      | Identified the +0 robe of Activism {*Corrode rElec Int+3} (You found it on level 4 of the Dungeon)
  3829 | D:4      | Killed Duvessa
  3829 | D:4      | Reached skill level 5 in Unarmed Combat
  3829 | D:4      | Reached XP level 6. HP: 34/51 MP: 6/9
  3978 | D:4      | Found a sacrificial altar of Ru.
  3978 | D:4      | Found a glowing silver altar of Zin.
  3978 | D:4      | Found a deep blue altar of Sif Muna.
  3992 | D:4      | Noticed miragecloak's ghost (amateur NaTm)
  4012 | D:4      | Killed miragecloak's ghost
  4012 | D:4      | Reached skill level 6 in Unarmed Combat
  4012 | D:4      | Reached XP level 7. HP: 21/57 MP: 8/10
  4648 | D:5      | Entered Level 5 of the Dungeon
  4856 | D:5      | Noticed Sigmund
  4865 | D:5      | Killed Sigmund
  4865 | D:5      | Reached skill level 7 in Unarmed Combat
  4961 | D:5      | Found a staircase to the Ecumenical Temple.
  5015 | Temple   | Entered the Ecumenical Temple
  5048 | Temple   | Became a worshipper of Cheibriados the Contemplative
  5584 | D:6      | Found Mutoo's Food Boutique.
  5723 | D:7      | Reached skill level 8 in Unarmed Combat
  5723 | D:7      | Reached XP level 8. HP: 46/64 MP: 8/11
  5841 | D:7      | Noticed Prince Ribbit
  5857 | D:7      | Killed Prince Ribbit
  5916 | D:7      | Reached skill level 9 in Unarmed Combat
  6143 | D:7      | Reached * piety under Cheibriados
  6365 | D:7      | Noticed Menkaure
  6371 | D:7      | Killed Menkaure
  6409 | D:7      | Noticed Joseph
  6422 | D:7      | Killed Joseph
  6422 | D:7      | Reached skill level 10 in Unarmed Combat
  6422 | D:7      | Reached XP level 9. HP: 33/78 MP: 9/12
  6622 | D:7      | Learned a level 5 spell: Blade Hands
  7070 | D:7      | Reached skill level 5 in Fighting
  7424 | D:8      | Reached ** piety under Cheibriados
  7936 | D:8      | Reached skill level 11 in Unarmed Combat
  8048 | D:8      | Gained mutation: You are agile. (Dex +2) [mutagenic meat]
  8049 | D:8      | Gained mutation: You have an increased reservoir of magic. (+10% MP) [mutagenic meat]
  8050 | D:8      | Gained mutation: Your tail ends in a poisonous barb. [mutagenic meat]
  8051 | D:8      | Gained mutation: You are very agile. (Dex +4) [mutagenic meat]
  8485 | D:8      | Reached XP level 10. HP: 88/92 MP: 10/14
  8586 | D:8      | Reached *** piety under Cheibriados
  8689 | D:9      | Reached skill level 5 in Transmutations
  8777 | D:9      | HP: 3/92 [wight/enchanted war axe (7)]
  8779 | D:9      | Slain by a wight

Skill      XL: |  1  2  3  4  5  6  7  8  9 10 |
---------------+-------------------------------+-----
Transmutations | 3 4 5 |  5.4
Poison Magic   | 3 |  3.4
Unarmed Combat | 5 6 8 10 11 | 11.0
Fighting       | 4 6 |  6.7
Dodging        | 2 3 |  3.2
Spellcasting   | |  2.0

Action                   |  1- 3 |  4- 6 |  7- 9 | 10-12 || total
-------------------------+-------+-------+-------+-------++-------
Melee: Unarmed           |    87 |   168 |   257 |    31 ||   543
       Headbutt          |     9 |     1 |       |       ||    10
       Punch             |       |       |     5 |       ||     5
       Tailslap          |       |       |       |     1 ||     1
 Cast: Beastly Appendage |    16 |     2 |       |       ||    18
       Spider Form       |     1 |    27 |    43 |     9 ||    80
  Use: Potion            |       |       |       |     1 ||     1
 Stab: Distracted        |       |     1 |     1 |       ||     2
       Sleeping          |       |     1 |       |       ||     1
       Held in net/web   |       |       |     2 |       ||     2
  Eat: Chunk             |     2 |     9 |    16 |     1 ||    28
       Beef jerky        |       |       |     2 |       ||     2
       Pizza             |       |       |     1 |       ||     1
Armor: Robe              |    12 |     5 |    15 |     1 ||    33
       Skin              |       |    11 |    11 |     2 ||    24
Dodge: Dodged            |    45 |   118 |   171 |    65 ||   399
